 Dungeon Crawl Stone Soup version 0.31-a0-963-ga325b2283a (webtiles) character file.

Game seed: 1715296150776676953

1628 Spaninq the Cleaver (level 8, -16/71 HPs)
             Began as a Hill Orc Monk on Oct 25, 2023.
             Was a High Priest of Makhleb.
             Demolished by a two-headed ogre
             ... wielding a +0 giant spiked club
              (18 damage)
             ... on level 8 of the Dungeon.
             The game lasted 00:17:14 (7279 turns).

Spaninq the Cleaver (Hill Orc Monk)                 Turns: 7279, Time: 00:17:15

Health: -16/71     AC: 12    Str: 16    XL:     8   Next: 97%
Magic:  12/12      EV: 11    Int: 10    God:    Makhleb [*****.]
Gold:   428        SH:  5    Dex: 13    Spells: 7/7 levels left

rFire   . . .        w - +5 hammer of Distant Shores {freeze, SInv}
rCold   . . .        d - orb {light}
rNeg    + . .        e - +2 ring mail {rN+}
rPois   .            h - +2 helmet
rElec   .            x - +0 cloak
rCorr   .            (no gloves)
SInv    +            (no boots)
Will    +....        l - amulet of reflection
Stlth   +            o - ring of willpower
HPRegen 0.31/turn    (no ring)
MPRegen 0.13/turn

%: reflection
@: weakened, glowing
A: no striking features
a: Renounce Religion, Minor Destruction, Lesser Servant of Makhleb, Major
Destruction, Greater Servant of Makhleb


You were on level 8 of the Dungeon.
You worshipped Makhleb.
Makhleb was extremely pleased with you.
You visited 1 branch of the dungeon, and saw 8 of its levels.
You also visited: Sewer.

You collected 428 gold pieces.

Inventory:

Hand Weapons
 a - a +1 heavy hand axe
 w - the +5 hammer of Distant Shores (weapon) {freeze, SInv}
   (You found it on level 7 of the Dungeon)

   SInv:      It lets you see invisible.
Armour
 d - an orb of light (worn)
 e - a +2 ring mail of positive energy (worn)
 h - a +2 helmet (worn)
 x - a +0 cloak (worn)
Jewellery
 l - an amulet of reflection (around neck)
 o - a ring of willpower (left hand)
Wands
 s - a wand of roots (1)
 z - a wand of digging (5)
Scrolls
 g - 2 scrolls of enchant armour
 i - 2 scrolls of blinking
 k - a scroll of identify
 q - a scroll of torment
 r - a scroll of teleportation
 y - a scroll of fear
Potions
 b - 4 potions of curing
 c - 3 potions of ambrosia
 f - 2 potions of resistance
 j - 2 potions of haste
 m - 2 potions of lignification
 n - a potion of degeneration {unknown}
 p - a potion of invisibility
 t - a potion of mutation
 u - 3 potions of attraction
 v - a potion of brilliance


   Skills:
 + Level 6.9 Fighting
 * Level 10.0 Axes
 + Level 5.2 Armour
 - Level 2.4 Dodging
 + Level 6.1 Invocations


You had 7 spell levels left.
You didn't know any spells.
Your spell library contained the following spells:

 Spells                   Type           Power      Damage    Failure   Level
 Gell's Gravitas          Tloc           0%         N/A       90%         3
 Inner Flame              Hex/Fire       0%         N/A       90%         3
 Teleport Other           Tloc           0%         N/A       90%         3
 Brom's Barrelling Bould  Conj/Erth      0%         2d3       100%        4
 Flame Wave               Conj/Fire      0%         2d4       100%        4
 Sticky Flame             Conj/Fire      0%         2d3       100%        4
 Fireball                 Conj/Fire      0%         3d3       100%        5
 Iskenderun's Battlesphe  Conj           0%         2d6       100%        5
 Conjure Ball Lightning   Conj/Air       0%         3x3d6     100%        6
 Dispersal                Tloc           0%         N/A       100%        6
 Orb of Destruction       Conj           0%         9d5       100%        7


Dungeon Overview and Level Annotations

Branches:
Dungeon (8/15)             Temple (0/1) D:7           Sewer (visited)
   Lair: D:8-11

Altars:
Cheibriados
Fedhas
Kikubaaqudgha
Makhleb
Uskayaw
Yredelemnul
Zin

Shops:
D:7 ?

Annotations:
D:6 2 transporters


Message History

You open the door.
There is an open door here.
Found a great mace.
You see here a +0 great mace.
You open the door.
There is an open door here.
You now have 428 gold pieces (gained 17).
You open the door.
A two-headed ogre comes into view.
It is wielding a +0 giant spiked club and a +0 giant club.
The two-headed ogre shouts in stereo!
You hear a shout!
The two-headed ogre moves out of view.
A gnoll bouda comes into view. It is wielding a +0 club.
The gnoll bouda shouts!
The two-headed ogre closely misses you.
The two-headed ogre hits you with a +0 giant club!
There is an open door here.
There is an open door here.
The gnoll bouda gazes fiercely through you!
You feel your attacks grow feeble.
You hit the two-headed ogre. You freeze the two-headed ogre.
The two-headed ogre is lightly wounded.
The two-headed ogre hits you with a +0 giant spiked club!
You block the two-headed ogre's attack.
You sock the two-headed ogre! You freeze the two-headed ogre.
The two-headed ogre is moderately wounded.
You hit the two-headed ogre. You freeze the two-headed ogre.
The two-headed ogre is moderately wounded.
The two-headed ogre closely misses you.
The two-headed ogre hits you with a +0 giant club!
You hit the two-headed ogre. You freeze the two-headed ogre.
The two-headed ogre is heavily wounded.
The two-headed ogre hits you with a +0 giant spiked club!
* * * LOW HITPOINT WARNING * * *
You block the two-headed ogre's attack.
You hit the two-headed ogre. You freeze the two-headed ogre.
The two-headed ogre is heavily wounded.
The two-headed ogre hits you with a +0 giant spiked club!
* * * LOW HITPOINT WARNING * * *
The two-headed ogre hits you with a +0 giant club!!
You die...

#.#.###'###.#.
#.#.###_'...#.
#.#.###'###.#. #...#
#.# #.<.
#.#.###.###.#.
#.#........... ###
#.######......
.....######.# ##....#
#...@Og..#######....#
######'#..^.........#
#....########.>...#
#.88.###.g. ##....#
#.88g#..# #.#.##
#....'..# #########


You could see a two-headed ogre and a gnoll bouda.

Vanquished Creatures
  A steam dragon (D:8)
  Duvessa (D:7)
  A sky beast (D:7)
  A phantom (D:5)
  2 bullfrogs (Sewer)
  6 scorpions
  Dowan (D:7)
  2 howler monkeys (D:7)
  2 hounds
  Crazy Yiuf (D:7)
  2 orc priests
  2 jellies
  A sleepcap (D:6)
  Robin (D:2)
  8 gnolls
  13 adders
  2 river rats (D:3)
  2 white imps (D:7)
  6 worms
  15 orcs
  5 ball pythons
  5 endoplasms
  6 giant cockroaches
  15 goblins
  11 hobgoblins
  12 jackals
  9 quokkas
  6 bats
  12 frilled lizards
  8 kobolds
  9 rats
168 creatures vanquished.

Notes
Turn   | Place    | Note
-------+----------+-------------------------------------------
     0 | D:1      | Spaninq the Hill Orc Monk began the quest for the Orb.
     0 | D:1      | Reached XP level 1. HP: 19/19 MP: 1/1
   207 | D:1      | Reached XP level 2. HP: 25/27 MP: 2/2
   294 | D:1      | Found a faded altar of an unknown god.
   303 | D:1      | Prayed at the altar of an unknown god.
   303 | D:1      | Became a worshipper of Makhleb the Destroyer
   303 | D:1      | Reached * piety under Makhleb
   303 | D:1      | Reached ** piety under Makhleb
   421 | D:1      | Reached *** piety under Makhleb
   428 | D:1      | Reached skill level 1 in Armour
   491 | D:1      | Reached skill level 1 in Invocations
   491 | D:1      | Reached XP level 3. HP: 24/33 MP: 3/3
  1162 | D:2      | Reached skill level 5 in Axes
  1179 | D:2      | Identified the +0 leather armour of the Abyss {rElec rF-
                  | Will+ Regen+}
  1271 | D:2      | Noticed Robin
  1289 | D:2      | Reached XP level 4. HP: 34/40 MP: 3/5
  1303 | D:2      | Reached **** piety under Makhleb
  1312 | D:2      | Killed Robin
  1687 | D:2      | Reached XP level 5. HP: 22/47 MP: 6/6
  2506 | D:3      | Reached skill level 6 in Axes
  2525 | D:3      | Reached ***** piety under Makhleb
  2582 | D:3      | Found a glowing drain.
  2587 | Sewer    | Entered a sewer
  2728 | Sewer    | Reached XP level 6. HP: 53/53 MP: 8/8
  2976 | Sewer    | Reached skill level 5 in Fighting
  2976 | Sewer    | Reached skill level 7 in Axes
  2981 | Sewer    | Identified the +0 leather armour of the Black Moon {Regen+
                  | Int+4 Slay-6 SInv}
  3481 | D:3      | Found a hide-covered altar of Uskayaw.
  3505 | D:3      | Found a basalt altar of Yredelemnul.
  3505 | D:3      | Found a glowing silver altar of Zin.
  3753 | D:4      | Reached XP level 7. HP: 59/61 MP: 9/9
  4223 | D:5      | Entered Level 5 of the Dungeon
  4234 | D:5      | Found a snail-covered altar of Cheibriados.
  4635 | D:5      | Reached skill level 8 in Axes
  5343 | D:6      | Reached XP level 8. HP: 69/70 MP: 11/11
  5401 | D:6      | Found a transporter.
  5547 | D:6      | Reached skill level 5 in Invocations
  5649 | D:6      | Found a transporter.
  6025 | D:7      | Found a staircase to the Ecumenical Temple.
  6099 | D:7      | Noticed Duvessa
  6099 | D:7      | Noticed Dowan
  6130 | D:7      | Killed Dowan
  6158 | D:7      | Killed Duvessa
  6159 | D:7      | Reached skill level 9 in Axes
  6358 | D:7      | Found Usixig's Magic Scroll Emporium.
  6415 | D:7      | Found a blossoming altar of Fedhas.
  6458 | D:7      | Found a runed translucent door.
  6459 | D:7      | Noticed Crazy Yiuf
  6468 | D:7      | Killed Crazy Yiuf
  6471 | D:7      | Identified the +5 hammer of Distant Shores {freeze, SInv}
  6790 | D:7      | Reached skill level 5 in Armour
  7024 | D:8      | Reached skill level 10 in Axes
  7234 | D:8      | Found an ancient bone altar of Kikubaaqudgha.
  7267 | D:8      | Noticed a two-headed ogre
  7279 | D:8      | HP: 2/71 [two-headed ogre/+0 giant spiked club (13)]
  7279 | D:8      | Demolished by a two-headed ogre

Illustrated notes

Levels and vault maps discovered:
D:1:      heliophobic_arrival_dark_side_of_the_moon, layout_loops_corners,
          ebering_ecumenical_altar_petrified
D:2:      layout_loops_corners, amcnicky_mini_rare_corridor_liquid, uniq_robin
D:3:      layout_rooms, nicolae_uskayaw_suspiria,
          nicolae_overflow_two_pavilions, lightli_sewer_entry_pipes
D:4:      layout_loops_ring
D:5:      layout_loops_ring, slow_altar_1, sigmund_army
D:6:      gammafunk_cloud_chamber, layout_cave_pools, serial_rivers,
          chequers_serial_rivers_micro_c, chequers_serial_rivers_large_a,
          chequers_serial_rivers_micro_e, chequers_serial_rivers_micro_b,
          chequers_serial_rivers_micro_c
D:7:      layout_gridville, fedhas_altar_1, minmay_temple_entry_mist,
          serial_shops, shop, uniq_crazy_yiuf_cottage, uniq_duvessa
D:8:      minmay_chambers_of_fours, layout_basic, lemuel_doored_altar,
          dpeg_oklobed_lair, serial_shops, nicolae_shop_real_fake_doors,
          chequers_jeans

Skill      XL: |  1  2  3  4  5  6  7  8 |
---------------+-------------------------+-----
Armour         | 1 2 3 4 5 |  5.2
Fighting       | 4 5 6 |  6.9
Invocations    | 1 2 3 4 6 |  6.1
Axes           | 5 6 7 8 10 | 10.0
Dodging        | |  2.4

Action                     |  1- 3 |  4- 6 |  7- 9 || total
---------------------------+-------+-------+-------++-------
  Melee: Hand axe          |   104 |   297 |   201 ||   602
         Mace              |       |       |    49 ||    49
    Use: Scroll            |       |     8 |    13 ||    21
         Potion            |       |       |     5 ||     5
 Armour: Robe              |    27 |       |       ||    27
         Leather armour    |    22 |    41 |       ||    63
         Ring mail         |       |   123 |   162 ||   285
         Skin              |       |       |    16 ||    16
  Dodge: Dodged            |    70 |   161 |   102 ||   333
  Block: Orb               |       |    46 |    53 ||    99

Table legend: (Time is in decaauts)
 A = Elapsed time spent in this place.
 B = Non-inter-level travel time spent in this place.
 C = Inter-level travel time spent in this place.
 D = Time resting spent in this place.
 E = Time spent auto-exploring this place.
 F = Levels seen in this place.
 G = Mean time per level.
                   A        B        C        D        E       F      G
               +--------+--------+--------+--------+--------+-----+--------+
         Total |   7407 |   7108 |    299 |    425 |   5016 |   9 |  823.0 |
       Dungeon |   6679 |   6380 |    299 |    349 |   4583 |   8 |  834.9 |
         Sewer |    727 |    727 |      0 |     76 |    433 |   1 |  727.0 |
               +--------+--------+--------+--------+--------+-----+--------+

Top non-repeatable levels by time:
     D:7: 1250 daAuts
     D:1: 1168 daAuts
     D:2: 1166 daAuts
     D:5: 1061 daAuts
   Sewer: 727 daAuts
     D:3: 665 daAuts
     D:6: 654 daAuts
     D:4: 631 daAuts
     D:8: 81 daAuts
